 Dungeon Sprint DCSS version 0.31-a0-818-ge7c7cf74f0 (webtiles) character file.

Game seed: 6153583000104854407

31 Conn the Firebug (level 3, 0/21 HPs)
             Began as an Octopode Fire Elementalist on Sept 23, 2023.
             Was a Priest of Sif Muna.
             Slain by a wolf (10 damage)
             ... in the Dungeon (Sprint VII: "The Pits").
             The game lasted 00:02:24 (310 turns).

Conn the Firebug (Octopode Fire Elementalist)        Turns: 310, Time: 00:02:32

Health: 0/21       AC:  1    Str:  7    XL:     3   Next: 22%
Magic:  5/7        EV: 13    Int: 19    God:    Sif Muna [***...]
Gold:   0          SH:  0    Dex: 12    Spells: 5/8 levels left

rFire   . . .        l - +2 mace (protect)
rCold   . . .        (no shield)
rNeg    . . .        (helmet restricted)
rPois   .            (no amulet)
rElec   .            (no ring)
rCorr   .            (no ring)
SInv    .            (no ring)
Will    .....        (no ring)
Stlth   +++          (no ring)
HPRegen 0.23/turn    (no ring)
MPRegen 0.10/turn    (no ring)
                     (no ring)

%: no teleportation
@: no status effects
A: almost no armour, amphibious, 8 rings, camouflage 1, gelatinous body 1,
(nimble swimmer 1), tentacles
a: Renounce Religion, Channel Magic, Forget Spell


You were in the Dungeon.
You worshipped Sif Muna.
Sif Muna was most pleased with you.
You visited 1 branch

Inventory:

Hand Weapons
 g - a +2 dagger
 l - a +2 mace of protection (weapon)
Scrolls
 f - a scroll of blinking
 i - 2 scrolls of vulnerability
 j - 5 scrolls of amnesia
 k - a scroll of butterflies
Potions
 a - 5 potions of magic
 b - 6 potions of curing
 c - 6 potions of heal wounds
 d - a potion of haste
 e - 3 potions of berserk rage
 h - 2 potions of invisibility


   Skills:
 + Level 0.1 Fighting
 + Level 0.5 Short Blades
 + Level 3.1 Dodging
 - Level 3.4 Stealth
 + Level 3.0 Spellcasting
 * Level 1.6 Conjurations
 + Level 5.2 Fire Magic


You had 5 spell levels left.
You knew the following spells:

 Your Spells              Type           Power      Damage    Failure   Level
a - Foxfire               Conj/Fire      60%        2x1d7     3%          1
b - Scorch                Fire           44%        2d6       2%          2

Your spell library contained the following spells:

 Spells                   Type           Power      Damage    Failure   Level
 Inner Flame              Hex/Fire       12%        N/A       16%         3
 Volatile Blastmotes      Fire/Tloc      24%        2d12      16%         3
 Flame Wave               Conj/Fire      15%        2d7       36%         4


Dungeon Overview and Level Annotations

Branches:
Dungeon (1/1)

Altars:
Ashenzari
Cheibriados
Dithmenos
Elyvilon
Fedhas
Gozag
Hepliaklqana
Kikubaaqudgha
Makhleb
Nemelex Xobeh
Okawaru
Qazlal
Ru
Sif Muna
Trog
Uskayaw
Vehumet
Wu Jian
Xom
Yredelemnul
Zin
The Shining One
Jiyva
Lugonu

Annotations:
D Menkaure


Innate Abilities, Weirdness & Mutations

You cannot wear most types of armour.
You are amphibious.
You can wear up to eight rings at the same time.
Your skin changes colour to match your surroundings (Stealth+).
Your rubbery body absorbs attacks. (AC +1, EV +1)
((You are camouflaged when in or above water. (Stealth+)))
You have tentacles for arms and can constrict up to eight enemies at once.


Message History

There is an open door here.
You open the door.
A wolf comes into view.
Casting: Foxfire (safe; 3% risk of failure)
Confirm with . or Enter, or press ? or * to list all spells.
You don't know that spell.
A frilled lizard, a kobold brigand and an iron imp come into view.
The kobold brigand is wielding a +0 short sword and quivering curare-tipped darts.
The iron imp shouts, "Abandon hope, thou gorbellied roguish blabberskite!"
You hear a shout!
The kobold brigand shouts!
The wolf howls!
The frilled lizard hisses angrily.
There is an open door here.
Casting: Foxfire (safe; 3% risk of failure)
Confirm with . or Enter, or press ? or * to list all spells.
You conjure some foxfire!
Menkaure, Prince of Dust comes into view.
The kobold brigand throws a curare-tipped dart.
The curare-tipped dart barely misses you.
Unknown command.
Casting: Foxfire (safe; 3% risk of failure)
Confirm with . or Enter, or press ? or * to list all spells.
You conjure some foxfire!
A bat zombie comes into view.
The foxfire hits the wolf.
The wolf is lightly wounded.
Unknown command.
Your foxfire dissipates!
The foxfire hits the wolf.
The wolf is moderately wounded.
Unknown command.
Okay, then.
Unknown command.
Unknown command.
You miss the wolf. You grab the wolf.
The wolf is moderately wounded.
You constrict the wolf, but do no damage.
The wolf bites you!
Ouch! That really hurt!
The wolf bites you!
You die...

##########'##.....
#..(.')))'.##.....
##########.##.....
#...........'.....
#'#####'#####.....
#.#..#.†#[[##.....
#.#..)..#))#####'#
#.#..####))##.....
#@#..#..#.)##.....
#h#..#..#..##.....
#Z##†#..#'###...<.
#.#........##.....
#.#........##.....
#l###########.....
#M...l..# ######
#K5.#...# #...# .#


You could see a kobold brigand, Menkaure, a wolf, an iron imp, a bat zombie and
a frilled lizard.

Vanquished Creatures
  A mummy (D)
  2 ufetubi (D)
  A bat skeleton (D)
  2 jackals (D)
  A ball python zombie (D)
  3 frilled lizards (D)
  A kobold (D)
11 creatures vanquished.

Vanquished Creatures (others)
  24 foxfires (D)
24 creatures vanquished.

Grand Total: 35 creatures vanquished

Notes
Turn   | Place    | Note
-------+----------+-------------------------------------------
     0 | D        | Conn the Octopode Fire Elementalist began the quest for the
                  | Orb.
     0 | D        | Reached XP level 1. HP: 11/11 MP: 3/3
    63 | D        | Found a bloodstained altar of Trog.
    63 | D        | Found a shimmering blue altar of Sif Muna.
    63 | D        | Found a viscous altar of Jiyva.
    63 | D        | Found a hazy altar of Hepliaklqana.
    63 | D        | Found an opulent altar of Gozag.
    64 | D        | Found a glowing golden altar of the Shining One.
    64 | D        | Found a glowing silver altar of Zin.
    64 | D        | Found a basalt altar of Yredelemnul.
    64 | D        | Found a shimmering altar of Xom.
    64 | D        | Found an ornate altar of the Wu Jian Council.
    64 | D        | Found a sacrificial altar of Ru.
    64 | D        | Found a stormy altar of Qazlal.
    64 | D        | Found an iron altar of Okawaru.
    64 | D        | Found a sparkling altar of Nemelex Xobeh.
    64 | D        | Found a burning altar of Makhleb.
    64 | D        | Found a blossoming altar of Fedhas.
    64 | D        | Found a white marble altar of Elyvilon.
    64 | D        | Found a shadowy altar of Dithmenos.
    64 | D        | Found a snail-covered altar of Cheibriados.
    65 | D        | Found a radiant altar of Vehumet.
    65 | D        | Found a corrupted altar of Lugonu.
    66 | D        | Found an ancient bone altar of Kikubaaqudgha.
    66 | D        | Found a hide-covered altar of Uskayaw.
    66 | D        | Found a broken altar of Ashenzari.
    71 | D        | Became a worshipper of Sif Muna the Loreminder
    85 | D        | Reached skill level 4 in Fire Magic
    85 | D        | Reached XP level 2. HP: 7/17 MP: 1/5
   132 | D        | Learned a level 2 spell: Scorch
   135 | D        | Reached * piety under Sif Muna
   177 | D        | Reached ** piety under Sif Muna
   188 | D        | Reached *** piety under Sif Muna
   189 | D        | Reached skill level 5 in Fire Magic
   189 | D        | Reached XP level 3. HP: 20/21 MP: 0/7
   301 | D        | Noticed a wolf
   302 | D        | Noticed a kobold brigand
   303 | D        | Noticed Menkaure
   310 | D        | Slain by a wolf

Illustrated notes

Levels and vault maps discovered:
D:        pitsprint [storerooms_1, entrance_room_1, metal_vault_5, armoury_2,
          mini_pit_1, grid_room_1, main_hall_1, silver_pit, the_coven_1,
          the_vestibule_1, steel_vault_5, golden_pit, hallway_of_sentries,
          crystal_vault_4, iron_vault_4, final_vault]

Skill      XL: |  1  2 |
---------------+-------+-----
Stealth        | 3 |  3.4
Fire Magic     | 4 5 |  5.2
Dodging        | 3 |  3.1
Spellcasting   | 3 |  3.0
Fighting       | |  0.1
Short Blades   | |  0.5
Conjurations   | |  1.6

Action                     || total
---------------------------++-------
  Melee: Dagger            ||    11
         Constrict         ||     6
         Tentacles         ||     4
         Mace              ||     1
   Cast: Foxfire           ||    15
 Armour: Skin              ||     9
  Dodge: Dodged            ||    14

Table legend: (Time is in decaauts)
 A = Elapsed time spent in this place.
 B = Non-inter-level travel time spent in this place.
 C = Inter-level travel time spent in this place.
 D = Time resting spent in this place.
 E = Time spent auto-exploring this place.
 F = Levels seen in this place.
 G = Mean time per level.
                   A        B        C        D        E       F      G
               +--------+--------+--------+--------+--------+-----+--------+
         Total |    309 |    309 |      0 |    146 |      0 |   1 |  309.0 |
       Dungeon |    309 |    309 |      0 |    146 |      0 |   1 |  309.0 |
               +--------+--------+--------+--------+--------+-----+--------+

Top non-repeatable levels by time:
       D: 309 daAuts
